 Dungeon Crawl Stone Soup version 0.31-a0-702-gf82c85558f (webtiles) character file.

Game seed: 2942503245048574033

202 qw the Shooter (level 5, -6/33 HPs)
             Began as a Gargoyle Hunter on Sept 8, 2023.
             Mangled by Duvessa
             ... wielding a +1 rapier of speed
              (7 damage)
             ... on level 4 of the Dungeon.
             The game lasted 00:01:05 (2271 turns).

qw the Shooter (Gargoyle Hunter)                    Turns: 2271, Time: 00:01:05

Health: -6/33      AC: 11    Str: 14    XL:     5   Next: 80%
Magic:  5/5        EV: 10    Int: 10    God:
Gold:   36         SH:  0    Dex: 15    Spells: 4/4 levels left

rFire   . . .        Y - +0 shortbow (flame)
rCold   . . .        (shield currently unavailable)
rNeg    + + +        e - +0 ring mail
rPois   inf          a - +0 helmet
rElec   +            b - +0 cloak
rCorr   .            (no gloves)
SInv    .            (no boots)
Will    .....        (no amulet)
Stlth   +            h - ring of positive energy
HPRegen 0.25/turn    i - ring of positive energy
MPRegen 0.09/turn

%: no passive effects
@: no status effects
A: sickness immunity, AC +4, negative energy resistance 1, electricity
resistance, torment resistance 1, petrification resistance
a: no special abilities


You were on level 4 of the Dungeon.
You visited 1 branch of the dungeon, and saw 4 of its levels.

You collected 102 gold pieces.
You spent 66 gold pieces at shops.


Innate Abilities, Weirdness & Mutations

You are immune to sickness and miasma.
Your stone body is resilient. (AC +4)
You are immune to poison.
You resist negative energy. (rN+)
You are resistant to electric shocks. (rElec)
You are resistant to unholy torment.
You are immune to petrification.


   Skills:
 + Level 3.7 Fighting
 - Level 6.1 Ranged Weapons
 - Level 1.0 Armour
 - Level 1.5 Dodging
 - Level 1.1 Stealth


You had 4 spell levels left.
You didn't know any spells.
Your spell library was empty.

Inventory:

Hand Weapons
 Y - a +0 shortbow of flaming (weapon)
Armour
 a - a +0 helmet (worn)
 b - a +0 cloak (worn)
 e - a +0 ring mail (worn)
Jewellery
 h - a ring of positive energy (left hand)
 i - a ring of positive energy (right hand)
Scrolls
 d - 2 scrolls of identify
 f - a scroll of blinking {unknown}
 j - a scroll of vulnerability {unknown}
Potions
 g - 4 potions of curing

Dungeon Overview and Level Annotations

Branches:
Dungeon (4/15)
 Temple: D:4-7

Altars:

Shops:
D:4 !

Annotations:
D:2 1 runed translucent door, Crazy Yiuf
D:4 Dowan, Duvessa


Message History

Dowan hits you but does no damage.
2264 |||
Found retreat position at 2,1 (floor) with 0 blocking monsters and 3 monsters attacking at destination at distance 2
2264 ||| Stepping ~*~*~tactically~*~*~ (retreating).
Duvessa hits you with a +1 rapier of speed.
Dowan points at you and mumbles some strange words.
The puff of frost hits you.
Enter note:
2265 |||
Found retreat position at 6,6 (floor) with 0 blocking monsters and 1 monsters attacking at destination at distance 7
Enter note:
2265 ||| Stepping ~*~*~tactically~*~*~ (retreating).
Duvessa attacks as she pursues you! Duvessa barely misses you.
Duvessa hits you with a +1 rapier of speed.
2266 |||
Found retreat position at 5,5 (floor) with 0 blocking monsters and 1 monsters attacking at destination at distance 6
2266 ||| Stepping ~*~*~tactically~*~*~ (retreating).
Enter note:
2267 |||
Found retreat position at 4,5 (floor) with 0 blocking monsters and 1 monsters attacking at destination at distance 5
2267 ||| Stepping ~*~*~tactically~*~*~ (retreating).
Duvessa hits you with a +1 rapier of speed.
Enter note:
2268 |||
Found retreat position at 3,4 (floor) with 0 blocking monsters and 1 monsters attacking at destination at distance 4
2268 ||| Stepping ~*~*~tactically~*~*~ (retreating).
Duvessa attacks as she pursues you!
Duvessa hits you with a +1 rapier of speed.
Duvessa hits you but does no damage.
Enter note:
2269 |||
Found retreat position at 2,3 (floor) with 0 blocking monsters and 1 monsters attacking at destination at distance 3
2269 ||| Stepping ~*~*~tactically~*~*~ (retreating).
Duvessa barely misses you.
Enter note:
2270 |||
Found retreat position at 1,2 (floor) with 0 blocking monsters and 1 monsters attacking at destination at distance 2
2270 ||| Stepping ~*~*~tactically~*~*~ (retreating).
Dowan gestures wildly while chanting.
Dowan blinks!
Duvessa hits you with a +1 rapier of speed!
You shoot an arrow. The arrow hits Duvessa.
The arrow burns Duvessa.
Duvessa is heavily wounded.
Duvessa says, "Where magic fails, the sword succeeds!"
Duvessa hits you with a +1 rapier of speed.
Duvessa hits you with a +1 rapier of speed!
You die...

######## ##......###
#.........##
#..)<...8..#####
#..............#
#.....\...Koe..# #
#)#........##@##
.###))[8...>..##.#
.......##........##
!#..#####.........########
.....##
#####.###........####
#.##..#
###.<###.######....# ).
##.# #..................#
.. #.# #.##.#.##.###.####.#
.
###>####.##.#.##.###.####.#


You could see Duvessa (fast), an orc and a kobold.

Vanquished Creatures
  A hound (D:4)
  A sleepcap (D:4)
  Robin (D:2)
  5 adders
  2 worms
  5 orcs
  5 bats
  8 endoplasms
  A giant cockroach (D:4)
  17 goblins
  10 hobgoblins
  4 jackals (D:2)
  3 quokkas
  A ball python (D:1)
  2 frilled lizards
  6 kobolds (D:1)
  4 rats
76 creatures vanquished.

Notes
Turn   | Place    | Note
-------+----------+-------------------------------------------
     0 | D:1      | qw the Gargoyle Hunter began the quest for the Orb.
     0 | D:1      | Reached XP level 1. HP: 12/12 MP: 1/1
     0 | D:1      | 0 ||| qw: Version: 0.3-a-76-g4403597
     0 | D:1      | 0 ||| qw: Game counter: 1120
     0 | D:1      | 0 ||| qw: Melee chars always use a shield: true
     0 | D:1      | 0 ||| qw: God list: Okawaru
     0 | D:1      | 0 ||| qw: Allow faded altars: false
     0 | D:1      | 0 ||| qw: Do Orc after clearing Dungeon:15 true
     0 | D:1      | 0 ||| qw: Do second Lair branch before Depths: true
     0 | D:1      | 0 ||| qw: Lair rune preference: random
     0 | D:1      | 0 ||| qw: Goals: Normal
     0 | D:1      | 0 ||| PLANNING D:1-11
    50 | D:1      | Reached XP level 2. HP: 9/17 MP: 2/2
   524 | D:1      | Reached XP level 3. HP: 21/21 MP: 3/3
   530 | D:1      | Reached skill level 5 in Ranged Weapons
   541 | D:1      | 541 ||| UPGRADING to +0 ring mail.
   551 | D:1      | 551 ||| DROPPING +0 leather armour.
   552 | D:1      | 552 ||| READING scroll labelled XUIPRUTOWN.
   553 | D:1      | 553 ||| READING scroll labelled TOTEID LOAJAQY.
   554 | D:1      | 554 ||| READING scroll labelled MUUTTO NIUD.
   555 | D:1      | 555 ||| READING scroll labelled UNIRGH ACZUDO.
   556 | D:1      | 556 ||| READING scroll labelled FEDDYL IKHLU.
   557 | D:1      | 557 ||| READING scroll labelled VOENUPT ZAIST.
   558 | D:1      | 558 ||| READING scroll labelled KUOLEBI QEOJUL.
   559 | D:1      | 559 ||| DROPPING scroll of butterflies.
   581 | D:2      | Noticed Robin
   584 | D:2      | 584 ||| STAIRDANCE
   593 | D:2      | 593 ||| STAIRDANCE
   600 | D:2      | 600 ||| STAIRDANCE
   620 | D:2      | 620 ||| STAIRDANCE
   629 | D:1      | Reached skill level 1 in Armour
   639 | D:2      | 639 ||| STAIRDANCE
   648 | D:2      | Killed Robin
   651 | D:2      | 651 ||| STAIRDANCE
   736 | D:2      | Reached skill level 3 in Fighting
   736 | D:2      | Reached XP level 4. HP: 28/28 MP: 4/4
  1393 | D:2      | Found a runed translucent door.
  1394 | D:2      | Noticed Crazy Yiuf
  1397 | D:2      | 1397 ||| UPGRADING to +0 helmet.
  1402 | D:2      | 1402 ||| UPGRADING to +0 cloak.
  1407 | D:2      | 1407 ||| UPGRADING to ring of positive energy.
  1408 | D:2      | 1408 ||| DRINKING 2 glowing clear potions.
  1409 | D:2      | 1409 ||| READING 2 scrolls of identify.
  1409 | D:2      | 1409 ||| IDENTIFYING purple potion
  1410 | D:2      | 1410 ||| DROPPING potion of brilliance.
  1411 | D:2      | 1411 ||| DROPPING potion of lignification.
  1666 | D:3      | Reached XP level 5. HP: 32/32 MP: 5/5
  1898 | D:3      | 1898 ||| UPGRADING to ring of positive energy.
  1899 | D:3      | 1899 ||| READING scroll labelled ACRYRIFODGH.
  2000 | D:3      | 2000 ||| READING 2 scrolls of identify.
  2000 | D:3      | 2000 ||| IDENTIFYING metallic blue potion
  2057 | D:4      | Reached skill level 6 in Ranged Weapons
  2093 | D:4      | Found Cevyan's Distillery.
  2100 | D:4      | 2100 ||| SHOPLISTING 2 potions of heal wounds (110 gold,
                  | have 87).
  2100 | D:4      | 2100 ||| BUYING potion of curing (33 gold).
  2100 | D:4      | Bought a potion of curing for 33 gold pieces
  2100 | D:4      | 2100 ||| BUYING potion of curing (33 gold).
  2100 | D:4      | Bought a potion of curing for 33 gold pieces
  2100 | D:4      | 2100 ||| SHOPLISTING potion of curing (33 gold, have 21).
  2100 | D:4      | 2100 ||| SHOPLISTING potion of might (44 gold, have 21).
  2100 | D:4      | 2100 ||| SHOPLISTING potion of mutation (88 gold, have 21).
  2242 | D:4      | Noticed Dowan
  2244 | D:4      | 2244 ||| FLEEEEING.
  2245 | D:4      | 2245 ||| FLEEEEING.
  2248 | D:4      | Noticed Duvessa
  2249 | D:4      | 2249 ||| Stepping ~*~*~tactically~*~*~ (retreating).
  2253 | D:4      | 2253 ||| RETREATING.
  2257 | D:4      | HP: 6/33 [Duvessa/+1 rapier of speed (4)]
  2258 | D:4      | 2258 ||| DRINKING 2 potions of heal wounds.
  2260 | D:4      | 2260 ||| Stepping ~*~*~tactically~*~*~ (retreating).
  2261 | D:4      | 2261 ||| Stepping ~*~*~tactically~*~*~ (retreating).
  2262 | D:4      | 2262 ||| Stepping ~*~*~tactically~*~*~ (retreating).
  2262 | D:4      | HP: 8/33 [Dowan/+0 dagger (3)]
  2263 | D:4      | 2263 ||| DRINKING potion of heal wounds.
  2264 | D:4      | 2264 ||| Stepping ~*~*~tactically~*~*~ (retreating).
  2265 | D:4      | 2265 ||| Stepping ~*~*~tactically~*~*~ (retreating).
  2266 | D:4      | 2266 ||| Stepping ~*~*~tactically~*~*~ (retreating).
  2267 | D:4      | 2267 ||| Stepping ~*~*~tactically~*~*~ (retreating).
  2268 | D:4      | 2268 ||| Stepping ~*~*~tactically~*~*~ (retreating).
  2269 | D:4      | 2269 ||| Stepping ~*~*~tactically~*~*~ (retreating).
  2270 | D:4      | 2270 ||| Stepping ~*~*~tactically~*~*~ (retreating).
  2270 | D:4      | HP: 6/33 [Duvessa/+1 rapier of speed (10)]
  2271 | D:4      | HP: 1/33 [Duvessa/+1 rapier of speed (5)]
  2271 | D:4      | Mangled by Duvessa

Levels and vault maps discovered:
D:1:      lightli_arrival_statuegarden, layout_rooms
D:2:      layout_loops_ring, uniq_crazy_yiuf_cottage, uniq_robin
D:3:      layout_rooms, minmay_fountain_box
D:4:      layout_rooms, minmay_temple_entry_waves, serial_shops,
          nicolae_stop_n_shop_1, minmay_diced_spiral, uniq_duvessa

Skill      XL: |  1  2  3  4  5 |
---------------+----------------+-----
Ranged Weapons | 5 6 |  6.1
Armour         | 1 |  1.0
Fighting       | 3 |  3.7
Dodging        | |  1.5
Stealth        | |  1.1

Action                     |  1- 3 |  4- 6 || total
---------------------------+-------+-------++-------
   Fire: Shortbow          |    91 |   139 ||   230
    Use: Scroll            |     7 |     3 ||    10
         Potion            |       |     3 ||     3
 Armour: Leather armour    |    17 |       ||    17
         Ring mail         |    34 |    84 ||   118
  Dodge: Dodged            |    42 |    61 ||   103

Table legend:
 A = Non-vault XP
 B = Vault XP
 C = Vault XP percentage of total XP
 D = Non-vault monster count
 E = Vault monster count
 F = Vault count percentage of total count
                 A         B        C        D         E       F
            +---------+---------+-------+---------+---------+-------
      Total |     217 |      72 |  24.9 |      63 |      13 |  17.1
            +---------+---------+-------+---------+---------+-------
        D:1 |      39 |      14 |  26.4 |      23 |       8 |  25.8
        D:2 |      56 |      20 |  26.3 |      17 |       3 |  15.0
        D:3 |      61 |       0 |   0.0 |      14 |       0 |   0.0
        D:4 |      61 |      38 |  38.4 |       9 |       2 |  18.2
            +---------+---------+-------+---------+---------+-------
